 Dungeon Crawl Stone Soup version 0.30.0 (webtiles) character file.

Game seed: 17490470694261712428

284 Ayyar the Ogre Mage (level 6, 0/62 HPs)
             Began as an Ogre Transmuter on June 14, 2023.
             Killed from afar by an orc wizard (11 damage)
             ... with a puff of flame
             ... on level 4 of the Dungeon.
             The game lasted 00:12:21 (2798 turns).

Ayyar the Ogre Mage (Ogre Transmuter)               Turns: 2798, Time: 00:12:22

Health: 0/62       AC:  3    Str: 15    XL:     6   Next: 29%
Magic:  11/11      EV: 10    Int: 16    God:
Gold:   127        SH:  0    Dex:  9    Spells: 11/12 levels left

rFire   . .          .
                       - Unarmed
rCold   . . .        (no shield)
rNeg    . . .        a - +0 robe
rPois   .            (helmet currently unavailable)
rElec   .            (no cloak)
rCorr   .            (gloves unavailable)
SInv    .            (boots unavailable)
Will    .....        (no amulet)
Stlth   +            (no ring)
HPRegen 0.30/turn    (no ring)
MPRegen 0.12/turn

%: no passive effects
@: appendages (expiring), hasted, very quick
A: horns 2, talons 2, large, unfitting armour, tough skin 1
a: End Transformation


You were on level 4 of the Dungeon.
You had temporarily grown beastly horns and talons.
You visited 1 branch of the dungeon, and saw 4 of its levels.

You collected 127 gold pieces.

Inventory:

Missiles
 q - a curare-tipped dart
Armour
 a - a +0 robe (worn)
Jewellery
 c - a ring of flight
 f - an amulet of the acrobat
Wands
 j - a wand of charming (8)
Scrolls
 g - a scroll of teleportation {unknown}
 h - 4 scrolls of noise {unknown}
 k - 3 scrolls of amnesia {unknown}
 m - 2 scrolls of identify {unknown}
Potions
 b - a potion of lignification
 d - 2 potions of ambrosia {unknown}
 e - a potion of brilliance {unknown}
 i - a potion of cancellation {unknown}
 l - a potion of magic {unknown}
 n - a potion of haste
 o - a potion of curing
 p - a potion of flight {unknown}
 r - a potion of heal wounds {unknown}


   Skills:
 + Level 3.7 Fighting
 + Level 3.0 Dodging
 + Level 3.6 Unarmed Combat
 + Level 3.8 Spellcasting
 + Level 3.0 Transmutations


You had 11 spell levels left.
You knew the following spells:

 Your Spells              Type           Power      Damage    Failure   Level
a - Beastly Appendage     Tmut           24%        N/A       4%          1

Your spell library contained the following spells:

 Spells                   Type           Power      Damage    Failure   Level
 Wereblood                Tmut           12%        N/A       8%          2
 Spider Form              Tmut/Pois      7%         N/A       28%         3
 Portal Projectile        Hex/Tloc       6%         N/A       45%         3
 Tukima's Dance           Hex            3%         N/A       45%         3
 Ice Form                 Ice/Tmut       7%         N/A       67%         4
 Blade Hands              Tmut           6%         N/A       80%         5
 Passage of Golubria      Tloc           3%         N/A       86%         4
 Silence                  Hex/Air        1%         N/A       99%         5
 Lehudib's Crystal Spear  Conj/Erth      1%         10d2      100%        8


Dungeon Overview and Level Annotations

Branches:
Dungeon (4/15)
 Temple: D:4-7

Altars:

Shops:
D:1 ([(   D:2 :


Innate Abilities, Weirdness & Mutations

You have temporarily grown beastly horns and talons.
You are too large for most types of armour.
You have tough skin. (AC +1)


Message History

The orc wizard is almost dead.
The orc priest calls down the wrath of Beogh upon you.
Beogh smites you! The orc wizard closely misses you.
You barely miss the orc wizard. Your kick misses the orc wizard.
The orc wizard is almost dead.
You closely miss the orc wizard. Your headbutt misses the orc wizard.
The orc wizard is almost dead.
The orc priest miscasts a cantrip.
The orc wizard casts a spell at you. The magic dart hits you.
You closely miss the orc wizard.
You claw the orc wizard, but do no damage.
The orc wizard is almost dead.
The orc wizard gestures at you while chanting.
You are confused.
The orc wizard attacks as you move away!
The orc wizard hits you with a +0 dagger.
You bump into the rock wall.
The orc wizard hits you but does no damage.
You closely miss the orc wizard.
The orc wizard is almost dead.
The orc wizard barely misses you.
Your transformation is almost over.
The orc wizard gestures at you while chanting.
The magic dart hits you.
* * * LOW HITPOINT WARNING * * *
The orc priest invokes the aid of Beogh against you.
Beogh smites you!
* * * LOW HITPOINT WARNING * * *
You're too confused to move!
The orc wizard gestures wildly while chanting.
The orc wizard flickers and vanishes!
Deactivating autopickup; reactivate with Ctrl-A.
It was a potion of curing.
You feel better.
It was a potion of haste.
You feel yourself speed up. Something hits you.
* * * LOW HITPOINT WARNING * * *
You closely miss something.
You hear some strange, mumbled words.
A puff of flame appears from out of thin air!
The puff of flame hits you!
You die...

#..# #..#######
#.........
##.####### #.....#
#####.# #.#
#######.##########
........oo{@.....#
#######.########.#
.......))o....$
.####.#.#o#.###
#.#.#.# # #.# #
#.# #.# #.#


You could see an orc priest and an orc.

Vanquished Creatures
  A black bear (D:3)
  A kobold brigand (D:3)
  An orc wizard (D:4)
  2 adders
  A worm (D:2)
  2 dart slugs (D:1)
  4 orcs
  7 endoplasms
  4 giant cockroaches
  8 goblins
  3 hobgoblins
  4 jackals
  3 kobolds
  5 quokkas
  6 ball pythons
  2 bats (D:1)
  10 frilled lizards
  8 rats
72 creatures vanquished.

Notes
Turn   | Place    | Note
-------+----------+-------------------------------------------
     0 | D:1      | Ayyar the Ogre Transmuter began the quest for the Orb.
     0 | D:1      | Reached XP level 1. HP: 19/19 MP: 3/3
   229 | D:1      | Found Ekhlyfu's Antique Armour Emporium.
   282 | D:1      | Found Vurgh's Weapon Shoppe.
   392 | D:1      | Reached XP level 2. HP: 26/28 MP: 3/5
   811 | D:1      | Reached XP level 3. HP: 32/35 MP: 5/7
  1018 | D:1      | Found Gulen's Weapon Shoppe.
  1347 | D:2      | Found Bonulih's Vocational Training.
  1693 | D:2      | Reached XP level 4. HP: 27/44 MP: 8/8
  2165 | D:3      | Noticed a kobold brigand
  2179 | D:3      | Killed a kobold brigand
  2180 | D:3      | Reached XP level 5. HP: 34/53 MP: 8/10
  2499 | D:3      | Noticed a black bear
  2511 | D:3      | Killed a black bear
  2512 | D:3      | Reached XP level 6. HP: 54/62 MP: 11/11
  2798 | D:4      | Killed from afar by an orc wizard

Illustrated notes

Levels and vault maps discovered:
D:1:      sevenhm_arrival_forest_fort_small_4, layout_loops_corners,
          serial_shops, nicolae_shop_window_shopping, shop, shop,
          minmay_lizard_pond
D:2:      layout_rooms, kennysheep_cross_bottleneck, grunt_ministairs_15,
          st_stairs_13, nicolae_shop_vocational
D:3:      layout_rooms
D:4:      layout_basic, gup_sewer_entry_pipe, uniq_menkaure

Skill      XL: |  1  2  3  4  5  6 |
---------------+-------------------+-----
Dodging        | 2 3 |  3.0
Transmutations | 2 3 |  3.0
Fighting       | 2 3 |  3.7
Unarmed Combat | 3 |  3.6
Spellcasting   | 3 |  3.8

Action                     |  1- 3 |  4- 6 || total
---------------------------+-------+-------++-------
  Melee: Unarmed           |   171 |   103 ||   274
         Kick              |    28 |    23 ||    51
         Headbutt          |    13 |    16 ||    29
         Punch             |     2 |       ||     2
  Throw: Dart              |       |     1 ||     1
   Cast: Beastly Appendage |    30 |    16 ||    46
    Use: Potion            |       |     2 ||     2
 Armour: Robe              |    43 |    22 ||    65
  Dodge: Dodged            |    96 |    40 ||   136
